 Dungeon Crawl Stone Soup version 0.32-a0-814-g0968bab981 (webtiles) character file.

Game seed: 1671170684313768963

37858 inmateoo the Warrior (level 13, -10/103 HPs)
             Began as a Coglin Gladiator on Mar 22, 2024.
             Was a High Priest of Hepliaklqana.
             Blown up by Nessos the orb spider (46 damage)
             ... with an orb of destruction
             ... on level 14 of the Dungeon.
             The game lasted 00:21:24 (14237 turns).

inmateoo the Warrior (Coglin Gladiator)            Turns: 14237, Time: 00:21:24

Health: -10/103    AC: 20    Str: 20    XL:     13   Next: 99%
Magic:  16/16      EV: 12    Int: 13    God:    Hepliaklqana [*****.]
Gold:   1678       SH:  0    Dex: 19    Spells: 12/12 levels left

rFire   . . .        a - +1 trident {Myungok}
rCold   . . .        v - +6 spear "Jellyslayer" {protect, *Noise Int+6 Dex+3}
rNeg    . . .        E - +2 chain mail {rPois}
rPois   +            c - +0 helmet
rElec   .            p - +0 cloak
rCorr   +            y - +2 pair of gloves "Dujufi" {rCorr}
SInv    .            N - +0 pair of boots
Will    .....        (amulet unavailable) Stlth
                     (ring unavailable)
HPRegen 0.37/turn    (ring unavailable)
MPRegen 0.15/turn    (no gizmo)

%: no passive effects
@: on berserk cooldown, slowed, very slow
A: reduced essence, off-hand wielding, slow wielding, warmup strikes, no
jewellery
a: Invent Gizmo, Renounce Religion, Recall Ancestor, Ancestor Identity,
Transference, Idealise


You were on level 14 of the Dungeon.
You worshipped Hepliaklqana.
Hepliaklqana was extremely pleased with you.
You visited 1 branch of the dungeon, and saw 14 of its levels.
You also visited: Sewer, Ossuary and Ice Cave.

You collected 1853 gold pieces.
You spent 175 gold pieces at shops.

Inventory:

Hand Weapons
 a - a +1 trident (weapon) {Myungok}
 v - the +6 spear "Jellyslayer" (offhand) {protect, *Noise Int+6 Dex+3}
   (You found it in a sewer)

   Int+6:     It affects your intelligence (+6).
   Dex+3:     It affects your dexterity (+3).
   *Noise:    It may make a loud noise when swung.
Missiles
 d - 6 throwing nets (quivered)
 e - 11 javelins
Armour
 c - a +0 helmet (worn)
 h - a +2 leather armour of cold resistance
 p - a +0 cloak (worn)
 y - the +2 pair of gloves "Dujufi" (worn) {rCorr}
   (You acquired it on level 10 of the Dungeon)

   rCorr:     It protects you from acid and corrosion.
 E - a +2 chain mail of poison resistance (worn)
 N - a +0 pair of boots (worn)
Wands
 f - a wand of digging (17)
 n - a wand of mindburst (10)
 q - a wand of charming (16)
 D - a wand of flame (17)
 F - a wand of light (7)
 G - a wand of polymorph (6)
 J - a wand of warping (9)
Scrolls
 k - 13 scrolls of teleportation
 r - 2 scrolls of summoning
 w - 2 scrolls of fear
 A - 3 scrolls of fog
 B - 2 scrolls of vulnerability
 I - a scroll of enchant weapon
 M - a scroll of amnesia
Potions
 b - 5 potions of curing
 g - a potion of brilliance
 i - 2 potions of cancellation
 j - 4 potions of might
 l - 6 potions of mutation
 m - 3 potions of lignification
 o - 2 potions of haste
 s - 2 potions of heal wounds
 t - 3 potions of enlightenment
 u - 5 potions of invisibility {unknown}
 x - a potion of magic
 z - 3 potions of attraction {unknown}
 C - a potion of berserk rage


   Skills:
 + Level 15.1 Fighting
 * Level 12.2 Polearms
 - Level 1.7 Throwing
 + Level 8.3 Armour
 + Level 8.9 Dodging
 + Level 4.6 Invocations


You had 12 spell levels left.
You didn't know any spells.
Your spell library contained the following spells:

 Spells                   Type           Power      Damage    Failure   Level
 Freeze                   Ice            0%         1d3       88%         1
 Cigotuvi's Dreadful Rot  Necr/Alch/Air  0%         N/A       95%         2
 Lesser Beckoning         Tloc           0%         N/A       95%         2
 Mercury Vapours          Alch/Air       0%         N/A       95%         2
 Frozen Ramparts          Ice            0%         1d1       99%         3
 Gell's Gravitas          Tloc           0%         N/A       99%         3
 Hailstorm                Conj/Ice       0%         3d5       99%         3
 Mephitic Cloud           Conj/Alch/Air  0%         N/A       99%         3
 Stone Arrow              Conj/Erth      0%         3d7       99%         3
 Teleport Other           Tloc           0%         N/A       99%         3
 Animate Armour           Summ/Erth      0%         N/A       100%        4
 Dispel Undead            Necr           0%         3d6       100%        4
 Leda's Liquefaction      Alch/Erth      0%         N/A       100%        4
 Martyr's Knell           Necr/Summ      0%         N/A       100%        4
 Freezing Cloud           Conj/Ice/Air   0%         6-21      100%        5
 Lee's Rapid Deconstruct  Erth           0%         3d4*      100%        5
 Permafrost Eruption      Ice/Erth       0%         2x4d2     100%        6
 Lehudib's Crystal Spear  Conj/Erth      0%         10d2      100%        8


Dungeon Overview and Level Annotations

Branches:
Dungeon (14/15)            Temple (0/1) D:4            Lair (0/5) D:8
    Orc (0/2) D:12         Vaults (0/5) D:13          Sewer (visited)
Ossuary (visited)           IceCv (visited)

Altars:
Fedhas
Hepliaklqana
Kikubaaqudgha
Nemelex Xobeh
Qazlal
Sif Muna
Zin
Beogh

Shops:
D:8 [   D:13 =

Annotations:
D:14 Nessos


Innate Abilities, Weirdness & Mutations

Your life essence is reduced to manifest your ancestor. (-10% HP)
You can wield a second weapon in your off-hand.
It takes a long time for you to wield or remove held weapons.
Your first few attacks do less damage.
You cannot equip rings or amulets.


Message History

Fomally avoids your attack.
You hear a shout! x2
The rakshasa gestures at you. The lance of force hits you!
* * * LOW HITPOINT WARNING * * *
You are knocked back by the lance of force.
Aiming: Bolt of Light
Press: ? - help, Shift-Dir - straight line, f - you, p - rakshasa
Okay, then.
Aiming: Bolt of Light
Press: ? - help, Shift-Dir - straight line, p - rakshasa The bolt of light hits the rakshasa!
You kill the rakshasa!
You start resting.
Nessos the Markscentaur comes into view.
They are wearing a +2 barding of flying.
Nessos is nearby!
Nessos wields a +1 longbow of flaming.
It bursts into flame!
Nessos shoots an arrow.
The arrow closely misses you. Nessos says, "I'll learn you.
I'll learn you yet!"
Nessos shoots an arrow.
The arrow hits Fomally!!
The arrow burns Fomally.
You start resting.
Nessos is nearby!
Nessos wields a +1 longbow of flaming.
It bursts into flame!
Nessos shoots an arrow.
Fomally blocks the arrow.
Fomally barely misses Nessos.
Nessos unwields a +1 longbow of flaming.
It stops flaming.
Nessos hits Fomally but does no damage.
Nessos barely misses Fomally.
Aiming: Polymorph
Press: ? - help, Shift-Dir - straight line, f - Nessos
Aim: Nessos, wearing a +2 barding of flying (ally target, will become a moth of wrath, an orb spider, or a cyclops, chance to affect: 49%) Fomally avoids your attack.
Nessos evaporates and reforms as an orb spider!
You are too injured to fight recklessly!
Fomally hits Nessos with a +0 flail.
Fomally barely misses Nessos.
Nessos weaves a glowing orb of energy.
An orb of destruction comes into view.
You feel much better. The orb of destruction hits you!!!
You die...
Hepliaklqana delivers you to your ancestors.

.... ...#########+###
###+###..#s☼○@........
#.....#..#.R######....
#.....#..#..# .
#.....#..#..#
#..D.D#..#..#
#..R.#..'.<###+##..
#..R.#.##R.........
##.D.##.#c..........
#....#..#...........


You could see the friendly Fomally the knight and Nessos the orb spider (ally
target).

Vanquished Creatures
  A rakshasa (D:14)
  Fannar (D:11)
  2 ironbound frosthearts (IceCv)
  A dancing weapon (D:13)
  A two-headed ogre (D:11)
  2 death yaks (IceCv)
  Urug (D:12)
  3 ugly things
  A manticore (D:12)
  2 cyclopes (D:12)
  2 oklob plants (D:12)
  An ice statue (IceCv)
  2 kobold demonologists
  An unseen horror (D:10)
  A queen bee (shapeshifter) (D:13)
  A wolf spider simulacrum (D:14)
  8 polar bears (IceCv)
  5 trolls
  A hornet (D:9)
  7 slime creatures
  A spriggan (D:13)
  A vampire (D:13)
  3 wraiths
  A centaur simulacrum (D:14)
  37 yaks
  4 humans (D:6)
  A golden eye (D:12)
  A basilisk (D:9)
  A steam dragon (D:9)
  4 vampire mosquitoes (D:12)
  A water moccasin (D:6)
  A black bear (shapeshifter) (D:13)
  A black bear (D:4)
  7 orc warriors
  An ice beast (D:6)
  2 laughing skulls (D:11)
  8 ogres
  17 wolves (IceCv)
  4 centaurs
  A phantom (D:7)
  9 kobold brigands
  A gnoll sergeant (D:8)
  A bullfrog (D:7)
  12 wights
  6 howler monkeys
  3 bombardier beetles
  A crimson imp (D:13)
  5 hounds
  2 jellies
  6 orc priests
  Crazy Yiuf (D:5)
  A human skeleton (D:7)
  3 iguanas
  4 orc wizards
  7 mummies (Ossuary)
  Robin (D:2)
  13 gnolls
  6 adders
  4 river rats (Sewer)
  2 shadow imps (D:11)
  12 white imps
  A dart slug (D:2)
  2 ribbon worms
  32 orcs
  10 ball pythons
  8 endoplasms
  4 giant cockroaches
  3 gnoll zombies (Ossuary)
  14 goblins
  11 hobgoblins
  4 jackals
  6 quokkas
  5 bats
  3 frilled lizards
  A hobgoblin zombie (Ossuary)
  42 kobolds
  10 kobold skeletons (D:11)
  6 kobold zombies (D:11)
  2 orc skeletons (D:7)
  23 rats
428 creatures vanquished.

Vanquished Creatures (collateral kills)
  Erolcha (D:12)
  A dancing weapon (D:13)
  2 two-headed ogres
  A boulder beetle (D:13)
  Lodul (D:10)
  A deep elf pyromancer (D:13)
  2 ugly things
  An oklob plant (D:12)
  A manticore (D:13)
  An unseen horror (D:11)
  A komodo dragon (D:11)
  3 polar bears (IceCv)
  A hornet (D:9)
  3 slime creatures
  A wraith (D:11)
  8 yaks
  A vampire (D:11)
  A sky beast (D:7)
  An ice beast (D:6)
  A black bear (D:5)
  2 ogres (D:5)
  5 wolves (IceCv)
  A centaur (D:8)
  3 kobold brigands (D:11)
  2 bullfrogs
  3 wights
  2 howler monkeys (D:12)
  A human zombie (D:7)
  A human skeleton (D:7)
  A mummy (Ossuary)
  2 white imps (D:11)
  9 orcs
  2 jackals (D:5)
  2 hobgoblin zombies (Ossuary)
  2 kobolds (D:11)
  A kobold skeleton (D:11)
  3 kobold zombies
  An orc skeleton (D:7)
76 creatures vanquished.

Vanquished Creatures (others)
  2 death yaks (IceCv)
  7 knights
  An ancestor (D:6)
10 creatures vanquished.

Grand Total: 514 creatures vanquished

Notes
Turn   | Place    | Note
-------+----------+-------------------------------------------
     0 | D:1      | inmateoo the Coglin Gladiator began the quest for the Orb.
     0 | D:1      | Reached XP level 1. HP: 16/16 MP: 1/1
    48 | D:1      | Reached XP level 2. HP: 19/22 MP: 2/2
   807 | D:2      | Reached XP level 3. HP: 26/27 MP: 3/3
   918 | D:2      | Noticed Robin
   924 | D:2      | Reached skill level 1 in Armour
   954 | D:2      | Killed Robin
   955 | D:2      | Reached XP level 4. HP: 16/34 MP: 4/4
  1664 | D:3      | Reached XP level 5. HP: 32/40 MP: 5/5
  1690 | D:3      | Found a faded altar of an unknown god.
  1723 | D:3      | Reached skill level 3 in Fighting
  1813 | D:3      | Found a glowing drain.
  1817 | Sewer    | Entered a sewer
  1882 | Sewer    | Noticed a kobold brigand
  1893 | Sewer    | Killed a kobold brigand
  1894 | Sewer    | Reached XP level 6. HP: 25/47 MP: 6/6
  2254 | Sewer    | Identified the +6 spear "Jellyslayer" {protect, *Noise
                  | Int+6 Dex+3}
  2517 | D:3      | Found a hazy altar of Hepliaklqana.
  2517 | D:3      | Found a stormy altar of Qazlal.
  2631 | D:3      | Became a worshipper of Hepliaklqana the Forgotten
  2748 | D:3      | Reached XP level 7. HP: 53/53 MP: 7/7
  2947 | D:4      | Reached skill level 5 in Polearms
  2948 | D:4      | Found a staircase to the Ecumenical Temple.
  3056 | D:4      | Reached skill level 4 in Fighting
  3412 | D:4      | Reached * piety under Hepliaklqana
  3675 | D:5      | Entered Level 5 of the Dungeon
  3690 | D:5      | Reached skill level 12 in Fighting
  3690 | D:5      | Reached XP level 8. HP: 70/70 MP: 8/8
  3695 | D:5      | Reached XP level 9. HP: 75/75 MP: 9/9
  3763 | D:5      | Found a blossoming altar of Fedhas.
  3877 | D:5      | Found a runed translucent door.
  3878 | D:5      | Noticed Crazy Yiuf
  4256 | D:5      | Killed Crazy Yiuf
  4394 | D:6      | Reached skill level 13 in Fighting
  4526 | D:6      | Reached ** piety under Hepliaklqana
  4527 | D:6      | Remembered your ancestor Fomally as a knight
  4558 | D:6      | Noticed a troll
  4564 | D:6      | Killed a troll
  4565 | D:6      | Reached skill level 5 in Dodging
  4573 | D:6      | Identified the +4 great mace of the Decaying God {speed,
                  | rCorr Int-4 Dex+2}
  4931 | D:6      | Reached XP level 10. HP: 76/82 MP: 10/10
  5147 | D:7      | Found a sand-covered staircase.
  5155 | Ossuary  | Entered an ossuary
  5385 | D:7      | Noticed a kobold demonologist
  5395 | D:7      | Killed a kobold demonologist
  5907 | D:8      | Found a staircase to the Lair.
  5924 | D:8      | Found Pohyupt's Armour Emporium.
  6276 | D:8      | Reached *** piety under Hepliaklqana
  6340 | D:8      | Identified the +5 dagger of the Ecumenical Temple {elec,
                  | Dex+4}
  6561 | D:9      | Reached skill level 5 in Armour
  6568 | D:9      | Reached XP level 11. HP: 88/88 MP: 11/11
  6756 | D:9      | Found a sparkling altar of Nemelex Xobeh.
  6778 | D:9      | Found a shimmering blue altar of Sif Muna.
  6977 | D:9      | Found a glowing silver altar of Zin.
  7146 | D:8      | Bought a +1 chain mail of poison resistance for 175 gold
                  | pieces
  7199 | D:10     | Entered Level 10 of the Dungeon
  7384 | D:10     | Noticed a two-headed ogre
  7386 | D:10     | Noticed Lodul
  7440 | D:9      | Killed a two-headed ogre
  7695 | D:10     | Killed Lodul
  7973 | D:10     | Reached **** piety under Hepliaklqana
  8185 | D:10     | Reached skill level 14 in Fighting
  8317 | D:10     | Identified a scroll of acquirement
  8317 | D:10     | Acquired the +2 pair of gloves "Dujufi" {rCorr}
  8407 | D:11     | Noticed a two-headed ogre
  8415 | D:11     | Killed a two-headed ogre
  8416 | D:11     | Reached XP level 12. HP: 85/96 MP: 12/12
  8467 | D:11     | Noticed a two-headed ogre
  8471 | D:11     | Killed a two-headed ogre
  8551 | D:11     | Found a frozen archway.
  8606 | IceCv    | Entered an ice cave
  8617 | IceCv    | Reached skill level 1 in Invocations
  8705 | IceCv    | Reached skill level 10 in Polearms
  8940 | IceCv    | Noticed a death yak
  8976 | IceCv    | Killed a death yak
  9067 | IceCv    | Noticed an ironbound frostheart
  9071 | IceCv    | Noticed an ironbound frostheart
  9076 | IceCv    | Killed an ironbound frostheart
  9077 | IceCv    | Noticed a death yak
  9104 | IceCv    | Killed an ironbound frostheart
  9292 | IceCv    | Noticed a death yak
  9292 | IceCv    | Noticed a death yak
  9298 | IceCv    | Killed a death yak
  9300 | IceCv    | Killed a death yak
  9305 | IceCv    | Killed a death yak
  9512 | IceCv    | Identified the +4 shortbow "Gofukisk" {freeze, Stlth+}
 10036 | D:11     | Noticed Fannar
 10053 | D:11     | Killed Fannar
 10054 | D:11     | Reached XP level 13. HP: 99/102 MP: 15/15
 10414 | D:11     | Found an ancient bone altar of Kikubaaqudgha.
 10973 | D:12     | Noticed Erolcha
 11062 | D:12     | Killed Erolcha
 11101 | D:12     | Reached ***** piety under Hepliaklqana
 11160 | D:12     | Found a roughly hewn altar of Beogh.
 11630 | D:12     | Noticed Urug
 11664 | D:12     | Killed Urug
 11896 | D:12     | Found a staircase to the Orcish Mines.
 12498 | D:12     | Identified the +3 short sword of Eternal War {drain, rC+
                  | Int+4 Dex-4}
 12561 | D:13     | Found Reutuongu's Jewellery Shop.
 12901 | D:13     | Reached skill level 15 in Fighting
 12953 | D:13     | Found a gate to the Vaults.
 13530 | D:14     | Noticed a rakshasa
 13948 | D:13     | HP: 3/103 [poisoned by a rakshasa]
 14224 | D:14     | Killed a rakshasa
 14226 | D:14     | Noticed Nessos
 14234 | D:14     | Nessos changed into Nessos the orb spider
 14234 | D:14     | Noticed Nessos
 14237 | D:14     | Blown up by Nessos the orb spider

Illustrated notes

Levels and vault maps discovered:
D:1:      mushboom_english_gardens, layout_basic
D:2:      layout_basic, uniq_robin
D:3:      layout_basic, gammafunk_temple_overflow_wave, gup_sewer_entry_bowl,
          chequers_ecumenical_altar_simple_redux
D:4:      layout_loops_ring, minmay_temple_entry_trees
D:5:      layout_rooms, marbit_many_paths, serial_aquarium,
          aquarium_bridge_square [aquarium_subvault_wall,
          aquarium_subvault_window, aquarium_subvault_bridge,
          aquarium_subvault_bridge], aquarium_window_2, aquarium_window_1,
          aquarium_view_2b, aquarium_view_2a, aquarium_pool_corner,
          uniq_crazy_yiuf_cottage
D:6:      layout_basic, minmay_ruffians
D:7:      layout_cave_pools, nicolae_ossuary_entry_catacombs
D:8:      layout_loops_ring, lair_entry_dummy, serial_shops,
          nicolae_stop_n_shop_1, serial_glass, glass_columns_b, glass_columns_a,
          kennysheep_flooded_box, chequers_arboretum, dk_rats_in_the_wall
D:9:      layout_loops_ring, mainiacjoe_overflow_six_doors_small,
          hellmonk_sif_muna_bookshelves, old_standard_altar
D:10:     layout_stronghold, uniq_lodul
D:11:     wander_kiku_kobolds, layout_gridville, portal_ice_cave_entry_imps,
          uniq_fannar
D:12:     layout_rooms, david_orc_5, disabler_island, uniq_erolcha, uniq_urug
D:13:     layout_gridville, erik_vaults_1, serial_rivers,
          chequers_serial_rivers_micro_b, chequers_serial_rivers_micro_c,
          chequers_serial_rivers_micro_b, chequers_serial_rivers_micro_e,
          chequers_serial_rivers_room_a, serial_shops, kennysheep_little_box,
          hangedman_stone_soup
D:14:     layout_irregular_city, nicolae_uskayaw_suspiria, uniq_nessos

Skill      XL: |  1  2  3  4  5  6  7  8  9 10 11 12 13 |
---------------+----------------------------------------+-----
Polearms       | 3 4 5 6 8 9 11 12 | 12.2
Dodging        | 3 4 5 7 8 |  8.9
Armour         | 1 2 3 4 5 6 7 8 |  8.3
Fighting       | 3 12 13 14 15 | 15.1
Invocations    | 3 4 |  4.6
Throwing       | |  1.7

Action                     |  1- 3 |  4- 6 |  7- 9 | 10-12 | 13-15 || total
---------------------------+-------+-------+-------+-------+-------++-------
  Melee: Trident           |    93 |   184 |   128 |   613 |   408 ||  1426
         Dagger            |    82 |    44 |       |       |       ||   126
         Spear             |       |   120 |   142 |   614 |   411 ||  1287
 Invoke: Ancestor Life: Kn |       |       |     1 |       |       ||     1
         Recall Ancestor   |       |       |       |     3 |     2 ||     5
  Evoke: Wand              |       |       |       |       |     3 ||     3
    Use: Scroll            |       |     8 |     7 |     8 |     3 ||    26
         Potion            |       |       |     1 |     1 |     5 ||     7
   Stab: Sleeping          |     2 |     3 |     3 |     3 |     1 ||    12
         Distracted        |       |     1 |     2 |     7 |     4 ||    14
 Armour: Leather armour    |    50 |   114 |    46 |   156 |   140 ||   506
         Chain mail        |       |       |       |    80 |    76 ||   156
  Dodge: Dodged            |    51 |   121 |    50 |   222 |   166 ||   610

Table legend: (Time is in decaauts)
 A = Elapsed time spent in this place.
 B = Non-inter-level travel time spent in this place.
 C = Inter-level travel time spent in this place.
 D = Time resting spent in this place.
 E = Time spent auto-exploring this place.
 F = Levels seen in this place.
 G = Mean time per level.
                   A        B        C        D        E       F      G
               +--------+--------+--------+--------+--------+-----+--------+
         Total |  13946 |  13488 |    458 |   2632 |   7478 |  17 |  820.4 |
       Dungeon |  11856 |  11398 |    458 |   2081 |   6769 |  14 |  846.9 |
         Sewer |    620 |    620 |      0 |    126 |    202 |   1 |  620.0 |
       Ossuary |    170 |    170 |      0 |      0 |     56 |   1 |  170.0 |
      Ice Cave |   1298 |   1298 |      0 |    425 |    450 |   1 | 1298.0 |
               +--------+--------+--------+--------+--------+-----+--------+

Top non-repeatable levels by time:
    D:11: 1582 daAuts
    D:13: 1551 daAuts
   IceCv: 1298 daAuts
    D:12: 1124 daAuts
     D:9: 898 daAuts
    D:10: 880 daAuts
     D:2: 860 daAuts
     D:1: 801 daAuts
     D:4: 771 daAuts
     D:6: 724 daAuts
     D:8: 654 daAuts
     D:3: 647 daAuts
     D:5: 632 daAuts
     D:7: 625 daAuts
   Sewer: 620 daAuts
